 Dungeon Crawl Stone Soup version 0.10.4 character file.

182 Dismas36 the Covered (level 4, -4/36 HPs)
             Began as a Human Fighter on July 21, 2022.
             Killed from afar by Sigmund (5 damage)
             ... with a magic dart
             ... on Level 3 of the Dungeon.
             The game lasted 00:06:18 (3005 turns).

Dismas36 the Covered (Human Fighter)                Turns: 3005, Time: 00:06:19

HP  -4/36        AC  7     Str 17      XL: 4   Next: 31%
MP   3/3         EV  5     Int  8      God:
Gold 119         SH 18     Dex 12      Spells:  0 memorised,  3 levels left

Res.Fire  : . . .   See Invis. : .   r - +0 morningstar
Res.Cold  : . . .   Warding    : . . b - +0 scale mail
Life Prot.: . . .   Conserve   : .   c - +0 shield
Res.Acid. : . . .   Res.Corr.  : .   (no helmet)
Res.Poison: .       Clarity    : .   (no cloak)
Res.Elec. : .       Spirit.Shd : .   (no gloves)
Sust.Abil.: . .     Stasis     : .   (no boots)
Res.Mut.  : .       Ctrl.Telep.: .   (no amulet)
Res.Rott. : .       Levitation : .   (no ring)
Saprovore : . . .   Ctrl.Flight: .   (no ring)

@: slightly resistant to hostile enchantments, extremely unstealthy
A: no striking features
a: no special abilities


You were on level 3 of the Dungeon.
You were not hungry.

You visited 1 branch of the dungeon, and saw 4 of its levels.

You collected 99 gold pieces.

Inventory:

Hand weapons
 a - a +0,+0 hand axe {=f}
 r - a +0,+0 morningstar (weapon)
Missiles
 d - a +0 throwing net
 f - 13 silver +0 darts (quivered)
 h - 19 +0 arrows
 i - 3 +0 darts
Armour
 b - a +0 scale mail (worn)
 c - a +0 shield (worn)
Scrolls
 g - 3 scrolls of identify {unknown}
 j - a scroll of recharging {unknown}
 k - 4 scrolls of remove curse {unknown}
 m - 3 scrolls of detect curse {unknown}
 o - a scroll of curse armour {unknown}
 q - a scroll of fog {unknown}
 s - a scroll of amnesia {unknown}
 v - a scroll of enchant armour {unknown}
Jewellery
 n - a +3 ring of strength {unknown}
Potions
 e - a potion of curing {unknown}
 l - a potion of brilliance {unknown}
 p - a potion of speed {unknown}
 t - a potion of restore abilities {unknown}
 w - a potion of invisibility {unknown}
 x - a potion of agility {unknown}
Magical staves
 y - a staff of power {unknown}


   Skills:
 + Level 3.1 Fighting
 + Level 2.4 Axes
 + Level 3.7 Armour
 + Level 1.8 Dodging
 + Level 3.7 Shields


You had 3 spell levels left.
You didn't know any spells.

Dungeon Overview and Level Annotations

Branches:
Dungeon (4/27)
 Temple: D:4-7

Altars:

Annotations
D:3 Sigmund


Message History

It hits you!
You miss it. It hits you but does no damage.
You sock it! You block its attack.
You hit it. You block its attack.
You barely miss it.
You hear some strange, mumbled words.
The magic dart hits you! It hits you but does no damage.
Your shield and scale mail prevent you from hitting it.
You hear some strange, mumbled words.
The puff of flame hits you!
* * * LOW HITPOINT WARNING * * *
Your shield and scale mail prevent you from hitting it.
It hits you but does no damage.
You closely miss it.
You hear some strange, mumbled words.
The magic dart hits you!
* * * LOW HITPOINT WARNING * * *
You hear some strange, mumbled words.
The magic dart hits you!
You die...

. #........)...... #.
###########.#### . #.
#... ...
#.##################
....##...................
.$.............@......>##
.<............#########
##...#####....#
#....@........#
#....####.....# #....#
#.#'### #.#....# #.#.#
#.#.#### #.#.# .... ..#.#
####.#########.######
.....................+
#######
####....######...####


There were no monsters in sight!

Vanquished Creatures
  An adder (D:3)
  A giant gecko (D:1)
  A ball python (D:2)
  5 giant cockroaches
  5 goblins
  8 hobgoblins
  2 quokkas (D:2)
  7 bats
  5 giant newts
  10 kobolds
  8 rats
  5 toadstools
58 creatures vanquished.

Vanquished Creatures (others)
  3 toadstools (D:2)
3 creatures vanquished.

Grand Total: 61 creatures vanquished

Notes
Turn   | Place    | Note
--------------------------------------------------------------
     0 | D:1      | Dismas36, the Human Fighter, began the quest for the Orb.
     0 | D:1      | Reached XP level 1. HP: 18/18 MP: 0/0
   737 | D:1      | Reached XP level 2. HP: 18/24 MP: 1/1
  1566 | D:2      | Reached XP level 3. HP: 27/30 MP: 2/2
  1681 | D:2      | Reached skill level 1 in Dodging
  2546 | D:3      | Reached XP level 4. HP: 22/36 MP: 3/3
  2770 | D:3      | Noticed Sigmund
  3005 | D:3      | HP: 1/36 [it/magic dart (6)]
  3005 | D:3      | Killed from afar by Sigmund
